 Dungeon Crawl Stone Soup version 0.31-a0-180-g519b7de00c (webtiles) character file.

Game seed: 6588086211840608932

5499 Lavandula the Frost Mage (level 10, -2/50 HPs)
             Began as a Deep Elf Ice Elementalist on June 18, 2023.
             Was a Priest of Sif Muna.
             Shot with a bolt by a tengu warrior (12 damage)
             ... on level 9 of the Dungeon on June 20, 2023.
             The game lasted 00:21:09 (9401 turns).

Lavandula the Frost Mage (DEIE)                     Turns: 9401, Time: 00:21:10

Health: -2/50      AC: 11    Str:  5    XL:     10   Next: 42%
Magic:  7/20       EV: 11    Int: 28    God:    Sif Muna [***...]
Gold:   72         SH:  0    Dex: 15    Spells: 5/20 levels left

rFire   . . .        M - +6 battleaxe of Fedhas's Wrath {drain, Int+3 Stlth+}
rCold   . . .        (shield currently unavailable)
rNeg    . . .        D - +0 acid dragon scales
rPois   .            (no helmet)
rElec   .            (no cloak)
rCorr   +            g - +0 pair of gloves
SInv    .            (no boots)
Will    +....        (no amulet)
Stlth   +++          F - +4 ring of protection
HPRegen 0.28/turn    L - ring of wizardry
MPRegen 0.17/turn

%: wizardry (x1)
@: no status effects
A: no striking features
a: Renounce Religion, Channel Magic, Forget Spell


You were on level 9 of the Dungeon.
You worshipped Sif Muna.
Sif Muna was most pleased with you.
You visited 2 branches of the dungeon, and saw 10 of its levels.

You collected 417 gold pieces.
You spent 345 gold pieces at shops.

Inventory:

Hand Weapons
 e - a +0 short sword
 j - a +0 whip of electrocution
 w - a +2 dagger of protection
 y - a +3 spear
 M - the +6 battleaxe of Fedhas's Wrath (weapon) {drain, Int+3 Stlth+}
   (You bought it in a shop on level 5 of the Dungeon)

   Int:       It affects your intelligence (+3).
   Stlth:     It makes you more stealthy.
Missiles
 l - 5 poisoned darts
Armour
 a - a +0 robe
 g - a +0 pair of gloves (worn)
 D - +0 acid dragon scales (worn)
Jewellery
 F - a +4 ring of protection (left hand)
 G - a ring of positive energy
 J - an amulet of guardian spirit
 L - a ring of wizardry (right hand)
Wands
 C - a wand of charming (6)
 K - a wand of flame (34)
 N - a wand of polymorph (5)
Scrolls
 c - a scroll of revelation {unknown}
 i - a scroll of fear
 m - 4 scrolls of vulnerability
 p - 3 scrolls of immolation {unknown}
 q - 5 scrolls of teleportation
 s - a scroll of fog {unknown}
 t - 4 scrolls of brand weapon {unknown}
 x - 2 scrolls of amnesia
 E - a scroll of summoning {unknown}
 H - a scroll of enchant weapon {unknown}
 I - a scroll of blinking {unknown}
Potions
 b - a potion of magic
 d - 5 potions of curing {unknown}
 f - 2 potions of resistance
 k - a potion of haste
 n - 2 potions of ambrosia {unknown}
 o - 2 potions of lignification {unknown}
 r - a potion of enlightenment {unknown}
 u - a potion of degeneration {unknown}
 v - 2 potions of cancellation {unknown}
 z - a potion of mutation {unknown}
 B - a potion of attraction {unknown}


   Skills:
 - Level 2.4 Dodging
 - Level 2.4 Stealth
 - Level 5.7 Spellcasting
 - Level 5.0 Summonings
 + Level 14.6 Ice Magic
 - Level 3.6 Air Magic
 - Level 5.0 Invocations


You had 5 spell levels left.
You knew the following spells:

 Your Spells              Type           Power      Damage    Failure   Level
a - Freeze                Ice            100%       1d10      1%          1
b - Frozen Ramparts       Ice            100%       1d16      1%          3
c - Ozocubu's Armour      Ice            74%        N/A       1%          3
d - Summon Ice Beast      Ice/Summ       58%        N/A       1%          4
e - Summon Lightning Spi  Summ/Air       32%        N/A       9%          4

Your spell library contained the following spells:

 Spells                   Type           Power      Damage    Failure   Level
 Cigotuvi's Dreadful Rot  Necr/Pois/Air  28%        N/A       5%          2
 Sandblast                Erth           16%        2d6       6%          1
 Summon Guardian Golem    Hex/Summ       22%        N/A       6%          3
 Passwall                 Tmut/Erth      6%         N/A       9%          2
 Gell's Gravitas          Tloc           8%         N/A       16%         3
 Stone Arrow              Conj/Erth      16%        3d8       16%         3
 Teleport Other           Tloc           8%         N/A       16%         3
 Volatile Blastmotes      Fire/Tloc      16%        2d11      16%         3
 Animate Armour           Summ/Erth      44%        N/A       19%         4
 Dispel Undead            Necr           8%         3d8       45%         4
 Fulminant Prism          Conj/Hex       4%         3d5       45%         4
 Iskenderun's Mystic Bla  Conj/Tloc      8%         2d4       45%         4
 Blade Hands              Tmut           4%         N/A       80%         5
 Lee's Rapid Deconstruct  Erth           4%         3d5*      80%         5
 Death Channel            Necr           4%         N/A       100%        6
 Dispersal                Tloc           4%         N/A       100%        6
 Orb of Destruction       Conj           4%         9d5       100%        7
 Spellforged Servitor     Conj/Summ      11%        N/A       100%        7


Dungeon Overview and Level Annotations

Branches:
Dungeon (9/15)             Temple (1/1) D:4            Lair (0/5) D:9
    Orc: D:9-12

Altars:
Ashenzari
Cheibriados
Dithmenos
Elyvilon
Fedhas
Gozag
Hepliaklqana
Kikubaaqudgha
Makhleb
Nemelex Xobeh
Okawaru
Qazlal
Ru
Sif Muna
Trog
Uskayaw
Vehumet
Wu Jian
Xom
Yredelemnul
Zin
The Shining One

Shops:
D:5 (   D:9 (

Annotations:
D:6 exclusion: ice beast


Message History

The killer bee poisons your ice beast!
The wall freezes the killer bee.
The killer bee stings your ice beast.
Your ice beast closely misses the killer bee.
The wall freezes the killer bee.
The killer bee closely misses your ice beast.
The wall freezes the killer bee!
You kill the killer bee!
Sif Muna accepts your kill.
You can now freely open your mind to new spells.
A tengu warrior comes into view.
It is wielding the +9 mace of the Crawling Thing {heavy, rF+ rC+ Will- Int+6 Dex+2}.
Your frozen ramparts will break if you move.
Continue?
The frozen ramparts melt away as you move.
You start resting.
Your ice beast disappears in a puff of smoke!
A tengu warrior is nearby!
Casting: Frozen Ramparts (safe; 1% risk of failure)
Confirm with . or Enter, or press ? or * to list all spells.
A chill wind blows around you.
The tengu warrior unwields the +9 mace of the Crawling Thing {heavy, rF+ rC+ Will- Int+6 Dex+2}.
The tengu warrior wields a +0 arbalest.
The tengu warrior shoots a bolt.
The bolt barely misses you.
Okay, then.
Unknown command.
The tengu warrior shoots a bolt.
The bolt closely misses you.
Unknown command.
Your ice beast barely misses the tengu warrior.
Unknown command.
Unknown command.
The tengu warrior shoots a bolt.
The bolt hits you!
Your ice beast closely misses the tengu warrior.
Unknown command.
The tengu warrior shoots a bolt.
The bolt hits you!
Your ice beast barely misses the tengu warrior.
Unknown command.
The tengu warrior shoots a bolt.
The bolt hits you!
* * * LOW HITPOINT WARNING * * *
Your ice beast hits the tengu warrior but does no damage.
Unknown command.
The tengu warrior shoots a bolt.
The bolt hits you!
You die...

#.##Y.........#..#..#####
#.#
#Q.........#..#..'...#
#o#
##....).....#..#..#...#
#.#
##......!....#.....#...#
#K#
#............#.....#...#
#.
#.............########'##
.
#................#..#...#
#................#..'...#
#..........@..#'##..#...#
#.............#.>'..#...#
#.............#..########
#.............#..'......#
.............#..#......#
+###..#######'#########
#..#...>...#....#..# +.
#.......#....+..#
#.......#....#..#


You could see a tengu warrior.

Vanquished Creatures
  A deep elf pyromancer (D:8)
  Maggie (D:7)
  A hornet (D:8)
  2 wyverns (D:8)
  A wraith (D:8)
  A yak (D:9)
  2 vampire mosquitoes (D:8)
  2 steam dragons (D:9)
  2 orc warriors
  An ice beast (D:8)
  A sky beast (D:8)
  3 black bears
  2 ogres (D:5)
  2 bullfrogs
  A kobold brigand (D:9)
  A gnoll sergeant (D:6)
  2 scorpions (D:5)
  5 killer bees
  A howler monkey (D:6)
  2 jellies
  6 hounds
  4 orc priests
  A gnoll bouda (D:6)
  5 iguanas
  A sleepcap (D:4)
  6 orc wizards
  12 adders
  10 gnolls
  8 worms
  2 dart slugs
  18 orcs
  3 endoplasms
  2 giant cockroaches (D:3)
  4 hobgoblins
  3 jackals
  A quokka (D:5)
  13 ball pythons
  6 bats
  2 frilled lizards
  7 goblins
  14 kobolds
  7 rats
169 creatures vanquished.

Vanquished Creatures (collateral kills)
  A gargoyle (D:8)
  2 ice beasts (D:6)
  A black bear (D:8)
  An orc warrior (D:9)
  A centaur (D:8)
  4 killer bees
  A gnoll bouda (D:8)
  An orc wizard (D:8)
  8 gnolls
  A white imp (D:6)
  An orc (D:9)
22 creatures vanquished.

Vanquished Creatures (others)
  A killer bee (D:9)
1 creature vanquished.

Grand Total: 192 creatures vanquished

Notes
Turn   | Place    | Note
-------+----------+-------------------------------------------
     0 | D:1      | Lavandula the Deep Elf Ice Elementalist began the quest for
                  | the Orb.
     0 | D:1      | Reached XP level 1. HP: 10/10 MP: 6/6
   180 | D:1      | Reached XP level 2. HP: 15/15 MP: 4/8
   286 | D:1      | Reached skill level 5 in Ice Magic
  1001 | D:2      | Reached XP level 3. HP: 19/19 MP: 6/9
  1005 | D:2      | Learned a level 3 spell: Frozen Ramparts
  1040 | D:2      | Identified the +4 ring mail "Hydurorph" {rF+ Stlth+}
  1339 | D:2      | Reached skill level 6 in Ice Magic
  1361 | D:2      | Upgraded the game from 0.31-a0-176-g91f28db67f to
                  | 0.31-a0-180-g519b7de00c
  1466 | D:2      | Reached XP level 4. HP: 19/24 MP: 5/10
  1470 | D:2      | Learned a level 3 spell: Ozocubu's Armour
  2314 | D:3      | Learned a level 4 spell: Summon Ice Beast
  2353 | D:3      | Reached skill level 1 in Summonings
  2378 | D:3      | Reached XP level 5. HP: 16/28 MP: 8/13
  2847 | D:4      | Reached skill level 7 in Ice Magic
  2853 | D:4      | Reached XP level 6. HP: 32/32 MP: 9/14
  2966 | D:4      | Found a staircase to the Ecumenical Temple.
  3003 | Temple   | Entered the Ecumenical Temple
  3178 | D:4      | You fall into a shaft and drop 3 floors!
  3281 | D:6      | Found a shimmering blue altar of Sif Muna.
  3303 | D:6      | Became a worshipper of Sif Muna the Loreminder
  3365 | D:6      | Noticed an ice beast
  3422 | D:6      | Noticed an ice beast
  3492 | D:6      | Killed an ice beast
  3493 | D:6      | Reached skill level 8 in Ice Magic
  3591 | D:5      | Entered Level 5 of the Dungeon
  3773 | D:5      | Reached XP level 7. HP: 36/36 MP: 8/15
  3830 | D:5      | Found a shimmering altar of Xom.
  3837 | D:5      | Reached skill level 9 in Ice Magic
  3911 | D:5      | Found a hazy altar of Hepliaklqana.
  4166 | D:5      | Found Wofoigh's Antique Weapon Shop.
  4221 | D:5      | Reached skill level 10 in Ice Magic
  4783 | D:5      | Reached XP level 8. HP: 41/41 MP: 10/16
  4929 | D:5      | Found a snail-covered altar of Cheibriados.
  5138 | D:6      | Reached skill level 11 in Ice Magic
  5233 | D:6      | Reached * piety under Sif Muna
  5408 | D:6      | Reached skill level 5 in Spellcasting
  5464 | D:6      | Learned a level 4 spell: Summon Lightning Spire
  5558 | D:6      | Reached skill level 1 in Air Magic
  6216 | D:7      | Reached skill level 1 in Invocations
  6273 | D:7      | Noticed Maggie
  6291 | D:7      | Killed Maggie
  6292 | D:7      | Reached XP level 9. HP: 19/45 MP: 1/19
  7183 | D:8      | Reached skill level 5 in Invocations
  7192 | D:8      | Reached ** piety under Sif Muna
  7463 | D:8      | Reached skill level 5 in Summonings
  7549 | D:8      | Reached skill level 12 in Ice Magic
  7830 | D:8      | Noticed a deep elf pyromancer
  7838 | D:8      | Killed a deep elf pyromancer
  7839 | D:8      | Reached skill level 13 in Ice Magic
  7848 | D:8      | Reached XP level 10. HP: 32/50 MP: 2/20
  8016 | D:8      | Identified the +0 chain mail of Soneugyr {Regen+ Int+2
                  | Dex+3}
  8056 | D:8      | Noticed a gargoyle
  8115 | D:8      | Killed a gargoyle
  8628 | D:9      | Found Teivvodwou's Weapon Boutique.
  8776 | D:5      | Bought an encrusted battleaxe for 345 gold pieces
  8776 | D:5      | Identified the +6 battleaxe of Fedhas's Wrath {drain, Int+3
                  | Stlth+} (You bought it in a shop on level 5 of the Dungeon)
  8983 | D:9      | Found a staircase to the Lair.
  9142 | D:9      | Found a shadowy altar of Dithmenos.
  9146 | D:9      | Found a hide-covered altar of Uskayaw.
  9153 | D:9      | Found a stormy altar of Qazlal.
  9180 | D:9      | Reached skill level 14 in Ice Magic
  9193 | D:9      | Noticed a four-headed hydra
  9389 | D:9      | Reached *** piety under Sif Muna
  9390 | D:9      | Identified the +9 mace of the Crawling Thing {heavy, rF+
                  | rC+ Will- Int+6 Dex+2}
  9390 | D:9      | Noticed a tengu warrior
  9401 | D:9      | Shot with a bolt by a tengu warrior

Illustrated notes

Levels and vault maps discovered:
D:1:      zelgadis_glass_arrival_small, layout_basic, minmay_octomino_j4
D:2:      layout_basic, minmay_misc_feat_tiny, supply_closet_lemuel
D:3:      minmay_evil_eye, layout_basic
D:4:      layout_cave_pools, minmay_temple_entry_arrows
D:5:      layout_loops_corners, mainiacjoe_overflow_tiny_flanked,
          mainiacjoe_overflow_big_doors, serial_shops, shop, nicolae_wormholes
D:6:      layout_loops_ring, mainiacjoe_overflow_catwalk
D:7:      layout_gridville, kennysheep_path_1, uniq_maggie
D:8:      minmay_blocky_corners, layout_cave_pools
D:9:      minmay_the_grid_octo_tiled_squarecenter [minmay_the_grid_octo_teeth,
          minmay_the_grid_octo_checkered, minmay_the_grid_octo_clover_2,
          minmay_the_grid_octo_chip,
          minmay_the_grid_square_5x5_megaprize_diamond,
          minmay_the_grid_square_5x5_tetrominoes,
          minmay_the_grid_square_5x5_broken_cross,
          minmay_the_grid_square_5x5_checkered_statues,
          minmay_the_grid_square_5x5_empty], layout_grid_maze,
          grunt_temple_overflow_diamond, serial_shops,
          nicolae_shop_bloodbath_and_beyond, glass_columns_b
Temple:   hellmonk_temple_two_chambers

Skill      XL: |  1  2  3  4  5  6  7  8  9 10 |
---------------+-------------------------------+-----
Ice Magic      | 5 6 7 8 10 11 13 14 | 14.6
Spellcasting   | 4 5 |  5.7
Summonings     | 1 5 |  5.0
Air Magic      | 3 |  3.6
Invocations    | 3 5 |  5.0
Dodging        | |  2.4
Stealth        | |  2.4

Action                     |  1- 3 |  4- 6 |  7- 9 | 10-12 || total
---------------------------+-------+-------+-------+-------++-------
  Melee: Unarmed           |     2 |       |       |       ||     2
         Whip              |     7 |     5 |    20 |    13 ||    45
         Battleaxe         |       |       |       |     5 ||     5
   Cast: Freeze            |    59 |    59 |   102 |    27 ||   247
         Frozen Ramparts   |     1 |     5 |    21 |     8 ||    35
         Summon Ice Beast  |       |     4 |    16 |    10 ||    30
         Ozocubu's Armour  |       |       |     2 |       ||     2
         Summon Lightning  |       |       |     1 |       ||     1
  Evoke: Wand              |       |       |     2 |       ||     2
    Use: Scroll            |       |     5 |     3 |     1 ||     9
         Potion            |       |       |     1 |     1 ||     2
   Stab: Distracted        |     1 |       |       |       ||     1
         Sleeping          |       |     1 |       |       ||     1
 Armour: Robe              |    17 |     7 |    10 |       ||    34
         Acid dragon scale |       |       |    17 |    26 ||    43
  Dodge: Dodged            |    35 |    31 |    68 |    29 ||   163

Table legend: (Time is in decaauts)
 A = Elapsed time spent in this place.
 B = Non-inter-level travel time spent in this place.
 C = Inter-level travel time spent in this place.
 D = Time resting spent in this place.
 E = Time spent auto-exploring this place.
 F = Levels seen in this place.
 G = Mean time per level.
                   A        B        C        D        E       F      G
               +--------+--------+--------+--------+--------+-----+--------+
         Total |   9410 |   8872 |    538 |    747 |   6592 |  10 |  941.0 |
       Dungeon |   9393 |   8860 |    533 |    747 |   6582 |   9 | 1043.7 |
        Temple |     17 |     13 |      4 |      0 |     10 |   1 |   17.0 |
               +--------+--------+--------+--------+--------+-----+--------+

Top non-repeatable levels by time:
     D:5: 1633 daAuts
     D:6: 1457 daAuts
     D:8: 1401 daAuts
     D:7: 1027 daAuts
     D:1: 994 daAuts
     D:3: 905 daAuts
     D:2: 793 daAuts
     D:9: 645 daAuts
     D:4: 534 daAuts
  Temple: 17 daAuts
